 Dungeon Crawl Stone Soup version 0.17-a0-1900-g45e8110 (webtiles) character file.

182 derrpe the Shooter (level 5, -12/40 HPs)
             Began as a Centaur Arcane Marksman on Sept 24, 2015.
             Mangled by an ogre
             ... wielding a +0 giant spiked club
              (27 damage)
             ... on level 4 of the Dungeon.
             The game lasted 00:07:59 (3333 turns).

derrpe the Shooter (Centaur Arcane Marksman)        Turns: 3333, Time: 00:07:59

Health: -12/40     AC:  4    Str: 13    XL:     5   Next: 35%
Magic:  4/6        EV:  9    Int: 13    God:
Gold:   94         SH:  0    Dex:  9    Spells: 3 memorised, 0 levels left

rFire  . . .     SeeInvis .     b - +2 short sword (speed)
rCold  . . .     Clarity  .     c - +0 robe
rNeg   . . .     SustAt   .     (no shield)
rPois  .         Gourm    .     (no helmet)
rElec  .         Spirit   .     (no cloak)
rCorr  .         Warding  .     (no gloves)
rMut   .         Stasis   .     (no barding)
MR     .....                    (no amulet)
Stlth  +.........               (no ring)
                                (no ring)

@: very quick, not resistant to hostile enchantments, very unstealthy
A: hooves 3, deformed body, speed 2, tough skin 3
a: no special abilities


You were on level 4 of the Dungeon.
You were not hungry.

You visited 1 branch of the dungeon, and saw 4 of its levels.

You collected 94 gold pieces.

Inventory:

Hand weapons
 a - a +0 shortbow
 b - a +2 short sword of speed (weapon)
Missiles
 k - 48 arrows
Armour
 c - a +0 robe (worn)
 i - a +0 ring mail
Magical staves
 j - an uncursed staff of power
Jewellery
 q - a +2 ring of slaying {unknown}
Scrolls
 f - 2 scrolls of identify {unknown}
 g - a scroll of recharging {unknown}
 l - 2 scrolls of remove curse {unknown}
 n - 3 scrolls of teleportation {unknown}
 o - 2 scrolls of enchant armour {unknown}
 p - 2 scrolls of immolation {unknown}
Potions
 h - a potion of degeneration {unknown}
Books
 d - a book of Debilitation

   Spells                             Type                      Level
   a - Corona                         Hexes                        1
   b - Slow                           Hexes                        2
   c - Gell's Gravitas                Hexes/Translocation          3
   d - Inner Flame                    Hexes/Fire                   3
   e - Cause Fear                     Hexes                        4
   f - Leda's Liquefaction            Hexes/Earth                  4
 r - a book of Maledictions

   Spells                             Type                      Level
   a - Corona                         Hexes                        1
   b - Ensorcelled Hibernation        Hexes/Ice                    2
   c - Confuse                        Hexes                        3
   d - Tukima's Dance                 Hexes                        3
   e - Dazzling Spray                 Conjuration/Hexes            3
Comestibles
 e - 3 bread rations {@e1}
 m - 2 meat rations {@e2}


   Skills:
 - Level 1.0 Fighting
 * Level 7.5 Bows
 - Level 1.3 Dodging
 - Level 1.0 Spellcasting
 - Level 2.6 Hexes


You couldn't memorise any spells.
You knew the following spells:

 Your Spells              Type           Power        Failure   Level  Hunger
a - Corona                Hex            #......      12%         1    ##.....
b - Slow                  Hex            #.......     17%         2    ###....
c - Confuse               Hex            #.......     34%         3    ####...


Dungeon Overview and Level Annotations

Branches:
Dungeon (4/15)
 Temple: D:4-7

Altars:
Dithmenos
Nemelex Xobeh
Trog
Xom

Annotations:
D:3 RustyToe's ghost, average MiGl


Innate Abilities, Weirdness & Mutations

You have hooves in place of feet.
Armour fits poorly on your strangely shaped body.
You cover ground very quickly.
You have extremely tough skin (AC +3).


Message History

An ogre is nearby!
You hit the ogre.
The ogre is lightly wounded.
Cast which spell? (? or * to list)
Aiming: Slow
Press: ? - help, Shift-Dir - straight line, f - ogre
Aim: an ogre, wielding a giant spiked club (lightly wounded, chance to defeat MR: 41%)
The ogre seems to slow down.
The ogre hits you with a giant spiked club!
You puncture the ogre! You kick the ogre.
The ogre is heavily wounded.
You hit the ogre.
The ogre is severely wounded.
You hit the ogre.
The ogre is severely wounded.
You hit the ogre. You kick the ogre.
The ogre is almost dead.
The ogre hits you with a giant spiked club!!
Ouch! That really hurt!
You die...

#.# #.# #.# #.# ##.# #..#
##..## ####....####
####....##..@O#########
###..).########..........
###...#### ###..#####
....### #...# .#### #..##
## ...# #..#. ..# . #.. .


You could see an ogre.

Vanquished Creatures
  An ogre (D:3)
  Ijyb (D:3)
  3 adders
  An ooze (D:2)
  A worm (D:2)
  2 giant geckos
  An orc (D:3)
  A bat (D:2)
  7 goblins
  5 hobgoblins
  2 jackals (D:1)
  5 kobolds
  A quokka (D:3)
  2 giant cockroaches (D:2)
  A giant gecko skeleton (D:3)
  6 giant newts
  4 rats
44 creatures vanquished.

Notes
Turn   | Place    | Note
--------------------------------------------------------------
     0 | D:1      | derrpe the Centaur Arcane Marksman began the quest for the Orb.
     0 | D:1      | Reached XP level 1. HP: 16/16 MP: 2/2
    65 | D:1      | Reached skill level 3 in Bows
   266 | D:1      | Reached XP level 2. HP: 20/23 MP: 3/3
   834 | D:1      | Reached skill level 4 in Bows
  1560 | D:2      | Reached XP level 3. HP: 8/28 MP: 4/4
  1884 | D:2      | Reached skill level 5 in Bows
  1981 | D:2      | Found a bloodstained altar of Trog.
  2002 | D:2      | Found a sparkling altar of Nemelex Xobeh.
  2311 | D:3      | Noticed an ogre
  2360 | D:3      | Killed an ogre
  2360 | D:3      | Reached skill level 6 in Bows
  2360 | D:3      | Reached XP level 4. HP: 35/35 MP: 5/5
  2419 | D:3      | Noticed Ijyb
  2485 | D:3      | Killed Ijyb
  2485 | D:3      | Reached skill level 7 in Bows
  2485 | D:3      | Reached XP level 5. HP: 26/40 MP: 6/6
  2574 | D:3      | Learned a level 2 spell: Slow
  2624 | D:3      | Noticed RustyToe's ghost (average MiGl)
  3125 | D:3      | Learned a level 3 spell: Confuse
  3144 | D:3      | Found a shimmering altar of Xom.
  3144 | D:3      | Found a shadowy altar of Dithmenos.
  3321 | D:4      | Noticed an ogre
  3333 | D:4      | Mangled by an ogre

Vault maps used:
D:1:      minmay_arrival_nine_rooms
D:2:      overflow_temple_1_default, nemelex_xobeh_ov_fountains_minmay
D:3:      gammafunk_temple_overflow_elements, portal_sewer_entry_d, hex_medium,
          uniq_iyjb
D:4:      nicolae_overflow_hidden_temple, first_bread

Action                   |  1- 3 |  4- 6 || total
-------------------------+-------+-------++-------
Melee: Unarmed           |    34 |    11 ||    45
       Club              |    44 |       ||    44
       Short sword       |    22 |    42 ||    64
 Fire: Shortbow          |    53 |    36 ||    89
 Cast: Slow              |       |     1 ||     1
  Eat: Chunk             |     3 |     3 ||     6
